 Dungeon Crawl Stone Soup version 0.26-a0-812-g31a745ddcd (webtiles) character file.

Game seed: 9112511964135903030

345 kae the Insei (level 6, -5/31 HPs)
             Began as a Tengu Transmuter on Nov 18, 2020.
             Was an Initiate of Hepliaklqana.
             Slain by an ogre
             ... wielding a +0 giant club
              (19 damage)
             ... on level 4 of the Dungeon.
             The game lasted 00:02:49 (4917 turns).

kae the Insei (Tengu Transmuter)                    Turns: 4917, Time: 00:02:50

Health: -5/31      AC:  2    Str: 13    XL:     6   Next: 58%
Magic:  8/10       EV: 25    Int: 13    God:    Hepliaklqana [......]
Gold:   166        SH:  0    Dex: 19    Spells: 5/9 levels left

rFire    . . .     SeeInvis .     - Unarmed
rCold    . . .     Faith    .   (shield currently unavailable)
rNeg     . . .     Spirit   .   (armour currently unavailable)
rPois    x         Reflect  .   (helmet currently unavailable)
rElec    .         Harm     .   (cloak currently unavailable)
rCorr    .         Rampage  .   (gloves currently unavailable)
MR       .....                  (boots unavailable)
Stlth    ++........             (no amulet)
HPRegen  0.10/turn              (no ring)
MPRegen  0.12/turn              (no ring)

@: spider-form (expiring), flying quickly and evasively, quick
A: tiny, reduced essence, able to fly
a: Stop Flying, End Transformation, Recall Ancestor, Ancestor Identity, Renounce
Religion


You were on level 4 of the Dungeon.
You worshipped Hepliaklqana.
Hepliaklqana was noncommittal.
You were a venomous arachnid creature.
You visited 1 branch of the dungeon, and saw 4 of its levels.

You collected 166 gold pieces.

Inventory:

Armour
 a - a +0 robe (melded)
 h - a +0 cloak (melded)
 o - a +0 hat
Jewellery
 e - an uncursed amulet of regeneration {unknown}
 q - an uncursed amulet of faith {unknown}
Scrolls
 b - 4 scrolls of enchant weapon {unknown}
 c - a scroll of fear {unknown}
 d - 2 scrolls of remove curse {unknown}
 m - a scroll of noise {unknown}
 p - a scroll of immolation {unknown}
Potions
 f - 3 potions of cancellation {unknown}
 g - 2 potions of brilliance {unknown}
 j - 2 potions of degeneration {unknown}
 k - a potion of lignification {unknown}
 l - a potion of ambrosia {unknown}
 n - a potion of heal wounds {unknown}
 r - a potion of mutation {unknown}
 s - a potion of might {unknown}


   Skills:
 + Level 1.8 Fighting
 + Level 2.7 Dodging
 + Level 4.6 Unarmed Combat
 + Level 2.4 Spellcasting
 * Level 3.9 Transmutations
 * Level 2.0 Poison Magic


You had 5 spell levels left.
You knew the following spells:

 Your Spells              Type           Power        Failure   Level
a - Beastly Appendage     Tmut           ##....       14%         1
b - Spider Form           Tmut/Pois      #.........   43%         3

Your spell library contained the following spells:

 Spells                   Type           Power        Failure   Level
 Wereblood                Tmut           ##......     21%         2
 Ice Form                 Ice/Tmut       #.......     88%         4
 Blade Hands              Tmut           ##........   92%         5


Dungeon Overview and Level Annotations

Branches:
Dungeon (4/15)
 Temple: D:4-7

Altars:
Hepliaklqana
Ru
Wu Jian
The Shining One

Annotations:
D:3 exclusion: upstairs


Innate Abilities, Weirdness & Mutations

((You have a beak for a mouth.))
((You have claws for feet.))
You can fly continuously.
Your life essence is reduced to manifest your ancestor. (-10% HP)


Message History

You fly downwards.
The ogre completely misses you.
There is a stone staircase leading up here.
You hit the ogre but do no damage.
The ogre hits you with a +0 giant club!!
Ouch! That really hurt!
* * * LOW HITPOINT WARNING * * *
You are too injured to fight recklessly!
You are too injured to fight recklessly!
You are too injured to fight recklessly!
You are too injured to fight recklessly!
You are too injured to fight recklessly!
Your transformation is almost over.
Amyrtaeus hits the ogre.
Amyrtaeus hits the ogre but does no damage.
You feel better.
You bite the ogre!
The ogre is poisoned.
The ogre is moderately wounded.
The ogre hits you with a +0 giant club!!
Ouch! That really hurt!
You die...

#.................##.##..[.## .#
####.................####?.##...
#................#####.......#
#............##..# #..#....##
#.........<.####.####..##.....
##...#.....## #..##.#[.##.....
#..#......R###.............##
##.###.#...O.###...#...##.## ###
####...s# ######### ## ##...#
#####


You could see the friendly Amyrtaeus the ancestor and an ogre (very poisoned).

Vanquished Creatures
  A bullfrog (D:4)
  Crazy Yiuf (D:2)
  An orc wizard (D:3)
  4 gnolls
  4 adders
  An ooze (D:3)
  5 worms
  4 dart slugs
  3 leopard geckos
  9 orcs
  2 giant cockroaches
  10 hobgoblins
  7 kobolds
  A quokka (D:4)
  10 bats
  4 frilled lizards
  5 goblins
  11 rats
83 creatures vanquished.

Vanquished Creatures (collateral kills)
  An orc wizard (D:3)
  An orc (D:3)
  A bat (D:3)
  A giant cockroach (D:3)
  A goblin (D:2)
  A hobgoblin (D:3)
  A jackal (D:3)
7 creatures vanquished.

Vanquished Creatures (others)
  An ancestor (D:2)
  A fungus (D:2)
2 creatures vanquished.

Grand Total: 92 creatures vanquished

Notes
Turn   | Place    | Note
-------+----------+-------------------------------------------
     0 | D:1      | kae the Tengu Transmuter began the quest for the Orb.
     0 | D:1      | Reached XP level 1. HP: 12/12 MP: 4/4
   158 | D:1      | Reached XP level 2. HP: 8/16 MP: 4/6
  1064 | D:1      | Reached XP level 3. HP: 20/20 MP: 5/7
  1073 | D:1      | Learned a level 3 spell: Spider Form
  1462 | D:2      | Reached skill level 4 in Unarmed Combat
  1462 | D:2      | Reached XP level 4. HP: 20/25 MP: 4/8
  2023 | D:2      | Found a hazy altar of Hepliaklqana.
  2100 | D:2      | Found a glowing golden altar of the Shining One.
  2166 | D:2      | Became a worshipper of Hepliaklqana the Forgotten
  2419 | D:2      | Found a runed translucent door.
  2420 | D:2      | Noticed Crazy Yiuf
  2521 | D:2      | Found a sacrificial altar of Ru.
  2700 | D:2      | Killed Crazy Yiuf
  2700 | D:2      | Gained mutation: You can fly continuously. [Tengu growth]
  2700 | D:2      | Reached XP level 5. HP: 19/26 MP: 6/9
  2831 | D:3      | Reached skill level 1 in Poison Magic
  3861 | D:3      | Reached XP level 6. HP: 25/30 MP: 6/10
  4453 | D:3      | Found an ornate altar of the Wu Jian Council.
  4917 | D:4      | Slain by an ogre

Illustrated notes

Levels and vault maps discovered:
D:1:      dpeg_arrival_lava_temple_mockup, layout_loops_ring,
          hangedman_decor_clover_reticule
D:2:      layout_basic, nicolae_ru_awakened_eye, nicolae_overflow_crystal_walls,
          nicolae_overflow_hidden_temple, uniq_crazy_yiuf_cottage
D:3:      layout_basic, overflow_temple_1_default, minmay_fractal_squares_5
D:4:      layout_cave_pools, nicolae_qazlal_style_of_elements

Skill      XL: |  1  2  3  4  5  6 |
---------------+-------------------+-----
Transmutations | 2 3 |  3.9
Unarmed Combat | 4 |  4.6
Poison Magic   | 1 2 |  2.0
Fighting       | |  1.8
Dodging        | |  2.7
Spellcasting   | |  2.4

Action                   |  1- 3 |  4- 6 || total
-------------------------+-------+-------++-------
Melee: Unarmed           |    52 |   178 ||   230
       Kick              |    11 |    30 ||    41
       Peck              |     6 |    19 ||    25
       Headbutt          |     7 |    10 ||    17
       Punch             |       |     1 ||     1
 Cast: Beastly Appendage |    14 |    27 ||    41
       Spider Form       |     1 |     8 ||     9
Invok: Recall Ancestor   |       |     1 ||     1
 Abil: Fly               |       |     1 ||     1
  Use: Potion            |     1 |     2 ||     3
 Stab: Sleeping          |       |     1 ||     1
Armor: Robe              |     8 |    24 ||    32
Dodge: Dodged            |    47 |   135 ||   182

Table legend: (Time is in decaauts)
 A = Elapsed time spent in this place.
 B = Non-inter-level travel time spent in this place.
 C = Inter-level travel time spent in this place.
 D = Time resting spent in this place.
 E = Time spent auto-exploring this place.
 F = Levels seen in this place.
 G = Mean time per level.
                   A        B        C        D        E       F      G
               +--------+--------+--------+--------+--------+-----+--------+
         Total |   4823 |   4730 |     93 |    879 |   3184 |   4 | 1205.8 |
       Dungeon |   4823 |   4730 |     93 |    879 |   3184 |   4 | 1205.8 |
               +--------+--------+--------+--------+--------+-----+--------+

Top non-repeatable levels by time:
     D:3: 1713 daAuts
     D:2: 1519 daAuts
     D:1: 1496 daAuts
     D:4: 94 daAuts
